[Event "50+ Deutsche Senioren-Mannschaftsmeisterschaft der Landesverbände 2022"]
[Site "Magdeburg, Germany"]
[Date "2022.08.30"]
[Round "2.1"]
[White "Cordts, Ingo"]
[Black "Ploetz, Werner, Dr."]
[Result "1/2-1/2"]
[TimeControl "90min/40 + 30min + 30s/Zug"]
[WhiteElo "2223"]
[BlackElo "2250"]

1. Nf3 Nf6 2. c4 e6 3. g3 d5 4. d4 Be7 5. Bg2 O-O 6. Nc3 dxc4 7. Ne5 Nc6 8. Bxc6 bxc6 9. Nxc6 Qe8 10. Nxe7+ Qxe7 11. Qa4 e5 12. dxe5 Qxe5 13. Qxc4 Bh3 14. Qf4 Qa5 15. Qh4 Bg2 16. Rg1 Bc6 17. Qc4 Bd7 18. Bf4 Rfe8 19. O-O-O Be6 20. Qc6 Qh5 21. h4 Rab8 22. Rd2 h6 23. Rgd1 Rb4 24. Rd8 Rxd8 25. Rxd8+ Kh7 26. Qa8 Qa5 27. Rh8+ Kg6 28. Qf8 Rc4 29. Rxh6+ Kf5 30. Qxg7 Rxc3+ 31. bxc3 Qxc3+ 32. Kd1 Bb3+ 33. axb3 Qxb3+ 34. Kc1 Qc3+ 35. Kd1 Qb3+ 36. Kc1 Qc3+ 37. Kd1 1/2-1/2

[Event "50+ Deutsche Senioren-Mannschaftsmeisterschaft der Landesverbände 2022"]
[Site "Magdeburg, Germany"]
[Date "2022.08.30"]
[Round "2.2"]
[White "Schnelzer, Reinhold, Dr."]
[Black "Paris, Michael"]
[Result "1-0"]
[TimeControl "90min/40 + 30min + 30s/Zug"]
[WhiteElo "2143"]
[BlackElo "2177"]

1. d4 d5 2. c4 e6 3. Nc3 c5 4. cxd5 cxd4 5. Qa4+ Bd7 6. Qxd4 exd5 7. Qxd5 Nc6 8. Nf3 Nf6 9. Qd1 Qb6 10. e3 Bb4 11. Bd2 O-O 12. Be2 Bg4 13. O-O Rfd8 14. Qc2 Rac8 15. Rfd1 Ne7 16. Be1 Nfd5 17. Nxd5 Nxd5 18. Qb3 Bxe1 19. Rxe1 Qxb3 20. axb3 a6 21. h3 Bd7 22. Red1 Be8 23. Rac1 Rb8 24. Rd4 Nf6 25. Kf1 Kf8 26. Rxd8 Rxd8 27. Nd4 Ne4 28. Ke1 Rb8 29. Rc7 b6 30. f3 Nf6 31. Kd2 Nd5 32. Ra7 a5 33. Bc4 Nb4 34. Ke2 h6 35. h4 b5 36. Bd3 a4 37. Be4 axb3 38. Nxb3 Bc6 39. Bxc6 Nxc6 40. Rc7 Ne5 41. Nd4 Nc4 42. b3 Nd6 43. g4 Ke8 44. e4 Kf8 45. Ke3 g6 46. Rc5 f6 47. Rd5 Rb6 48. f4 b4 49. e5 fxe5 50. fxe5 Ne8 51. Rb5 Rxb5 52. Nxb5 h5 53. gxh5 Ng7 54. hxg6 Nf5+ 55. Kf4 Nxh4 56. Kg5 Nf3+ 57. Kf6 Nd2 58. Nd6 1-0

[Event "50+ Deutsche Senioren-Mannschaftsmeisterschaft der Landesverbände 2022"]
[Site "Magdeburg, Germany"]
[Date "2022.08.30"]
[Round "2.3"]
[White "Lindam, Ingo"]
[Black "Kraemer, Max"]
[Result "1-0"]
[TimeControl "90min/40 + 30min + 30s/Zug"]
[WhiteElo "2130"]
[BlackElo "2059"]

1. d4 e6 2. e4 d5 3. Nd2
a6 4. Ngf3 Nf6 5. Bd3 c5 6. dxc5 Bxc5 7. O-O dxe4 8. Nxe4 Nxe4 9. Bxe4 Qxd1 10. Rxd1 Nd7 11. Nd4 Nf6 12. Bf3 O-O 13. Bg5 Re8 14. Nb3 Bf8 15. Na5 e5 16. Bxf6 gxf6 17. Bd5 Bb4 18. Nc4 Rb8 19. Rd3 b5 20. Ne3 Be6 21. Rad1 f5 22. Bc6 Re7 23. a3 Bc5 24. Nd5 Bxd5 25. Rxd5 Bb6 26. c3 Kg7 27. Kf1 f4 28. Rd7 Rxd7 29. Rxd7 Rd8 30. Rxd8 Bxd8 31. Ke2 Kf6 32. b4 Ke6 33. Bb7 Kd6 34. Bxa6 Kc6 35. c4 bxc4 36. Bxc4 f6 37. f3 Bb6 38. Kd3 Bd4 39. a4 Kb6 40. Be6 h5 41. Kc4 h4 42. h3 Bf2 43. a5+ Kb7 44. Kb5 Be1 45. Bd5+ Ka7 46. Ka4 Bd2 47. b5 f5 48. b6+ Ka6 49. Bc4+ Kb7 50. Kb5 1-0

[Event "50+ Deutsche Senioren-Mannschaftsmeisterschaft der Landesverbände 2022"]
[Site "Magdeburg, Germany"]
[Date "2022.08.30"]
[Round "2.4"]
[White "Greul, Hans"]
[Black "Kesseler, Heiko"]
[Result "1-0"]
[TimeControl "90min/40 + 30min + 30s/Zug"]
[WhiteElo "2016"]
[BlackElo "2019"]

1. d4 c5 2. Nf3 cxd4 3.
Nxd4 d5 4. e3 Nf6 5. c4 e6 6. Nc3 a6 7. cxd5 Nxd5 8. Bd2 Nf6 9. Be2 Bc5 10. Nb3 Ba7 11. O-O Nc6 12. Rc1 O-O 13. Qc2 Bd7 14. Ne4 Nxe4 15. Qxe4 f5 16. Qf3 Rc8 17. Rfd1 Bb8 18. Nc5 Ne5 19. Qh3 Qe7 20. Nxd7 Rxc1 21. Bxc1 Nxd7 22. g3 Nc5 23. Qf1 b5 24. Qe1 Rd8 25. b3 Rxd1 26. Qxd1 Ne4 27. Bb2 Qd6 28. Qa1 Qd2 29. Kf1 Qd7 30. Qc1 Qc7 31. Qxc7 Bxc7 32. f3 Nc5 33. Bd4 Nd7 34. a4 bxa4 35. bxa4 a5 36. Bb5 Ne5 37. Ke2 Kf7 38. h3 Ng6 39. g4 f4 40. Bd3 fxe3 41. Bxg6+ Kxg6 42. Bxe3 Kf6 43. Kd3 Ke5 44. Kc4 h6 45. Bd4+ Kf4 46. Bxg7 Kxf3 47. Bxh6 Kg3 48.
Bd2 Kh4 49. Kb5 Kxh3 50. g5 Be5 51. Bxa5 Kg4 52. Bd2 Bd4 53. Kc4 Be5 54. a5 Kf5 55. a6 Bb8 56. Kb5 Ba7 57. Kc6 e5 58. Kb7 1-0

[Event "50+ Deutsche Senioren-Mannschaftsmeisterschaft der Landesverbände 2022"]
[Site "Magdeburg, Germany"]
[Date "2022.08.30"]
[Round "2.5"]
[White "Zimmermann, Klemens"]
[Black "Mueller, Ralf"]
[Result "1/2-1/2"]
[TimeControl "90min/40 + 30min + 30s/Zug"]
[WhiteElo "2242"]
[BlackElo "2352"]

1. d4 d5 2. c4 e6 3. Nf3 Nf6 4. Bg5 Be7 5. Nc3 Nbd7 6. e3 h6 7. Bh4 O-O 8. Bd3 dxc4 9. Bxc4 a6 10. Qe2 b5 11. Bb3 c5 12. O-O Bb7 13. Rfd1 Ne4 14. Nxe4 Bxe4 15. Bg3 Qb6 16. Ne5 Rfd8 17. Nxd7 Rxd7 18. Be5 Bf8 19. dxc5 Rxd1+ 20. Rxd1 Qxc5 21. Bc3 Rc8 22. Qg4 Qc6 23. f3 Bg6 24. Qd4 Qc7 25. Qd7 Qxd7 26. Rxd7 b4 27. Bd4 Bc2 28. Ra7 Bxb3 29. axb3 Rc6 30. Kf1 f6 31. f4 Bd6 32. Rb7 e5 33. fxe5 fxe5 34. Ba7 Rc1+ 35. Ke2 Rc2+ 36. Kf3 Rxb2 37. Rd7 Bf8 38. Bb8 e4+ 39. Kxe4 Rxg2 40. Be5 Rg6 41. Kd5 Rb6 42. Bd4 Rb8 43. Ra7 Rd8+ 44. Ke5 Re8+ 45. Kd5 Rd8+ 46. Ke5 1/2-1/2

[Event "50+ Deutsche Senioren-Mannschaftsmeisterschaft der Landesverbände 2022"]
[Site "Magdeburg, Germany"]
[Date "2022.08.30"]
[Round "2.6"]
[White "Beyer, Christian"]
[Black "Krumm, Johannes"]
[Result "1-0"]
[TimeControl "90min/40 + 30min + 30s/Zug"]
[WhiteElo "2269"]
[BlackElo "2047"]

1. e4 Nf6 2. Nc3 e5 3. Nf3 Nc6 4. Bb5 d6 5. d4 exd4 6. Nxd4 Bd7 7. Be3 Nxd4 8. Qxd4 a6 9. Bxd7+ Qxd7 10. O-O-O Qe6 11. Rhe1 Be7 12. Nd5 Bd8 13. Qb4 Qc8 14. Bg5 c5 15. Qc3 Nxd5 16. exd5+ Kf8 17. Bh6 Rg8 18. Bf4 Bc7 19. Re4 g5 20. Bg3 Qf5 21. Rde1 Qg6 22. h4 h6 23. Re7 gxh4 24. Bxh4 Rc8 25. Qf3 Kg7 26. R1e6 1-0

[Event "50+ Deutsche Senioren-Mannschaftsmeisterschaft der Landesverbände 2022"]
[Site "Magdeburg, Germany"]
[Date "2022.08.30"]
[Round "2.7"]
[White "Freise, Helmut"]
[Black "Kottke, Markus, Dr."]
[Result "0-1"]
[TimeControl "90min/40 + 30min + 30s/Zug"]
[WhiteElo "2170"]
[BlackElo "2165"]

1. d4 Nf6 2. c4 g6 3. Nc3
Bg7 4. e3 d6 5. Nf3 O-O 6. Be2 Nbd7 7. O-O Re8 8. b4 a5 9.
b5 c5 10. bxc6 bxc6 11. Ba3 Ba6 12. Rc1 Qc7 13. Qc2 e5 14. Rfd1 exd4 15. Rxd4 c5 16. Rdd1 Nb6 17. Na4 Nxa4 18. Qxa4 Ne4 19. Rd3 d5 20. Nd2 Nxd2 21. Rxd2 d4 22. exd4 Bh6 23. Qd1 cxd4 24. Rxd4 Bxc1 25. Bxc1 Rad8 26. Bf1 Bxc4 27. Bb2 Bxf1 28. Kxf1 Qc4+ 0-1

[Event "50+ Deutsche Senioren-Mannschaftsmeisterschaft der Landesverbände 2022"]
[Site "Magdeburg, Germany"]
[Date "2022.08.30"]
[Round "2.8"]
[White "Born, Mario"]
[Black "Baudner, Guntmar"]
[Result "1-0"]
[TimeControl "90min/40 + 30min + 30s/Zug"]
[WhiteElo "2198"]
[BlackElo "2041"]

1. d4 d5 2. Nf3 Nf6 3. g3 e6 4. Bg2 Be7 5. O-O O-O 6. c4 dxc4 7. Qa4 Nbd7 8. Qxc4 Nb6 9. Qc2 h6 10. e4 Re8 11. Bf4 c6 12. Rd1 Nbd7 13. Nc3 Nf8 14. h3 Ng6 15. Be3 Qa5 16. a3 Qc7 17. Rac1 Bd7 18. Rd2 a6 19. Qd1 Rac8 20. Ne5 Red8 21. Nxg6 fxg6 22. Na4 g5 23. d5 Qb8 24. Nb6 exd5 25. Nxc8 Qxc8 26. exd5 Bxh3 27. dxc6 Rxd2 28. Qxd2 Bxg2 29. Kxg2 bxc6 30. Qc2 Qb7 31. Qxc6 Qxb2 32. Qe6+ Kf8 33. Rc8+ Ne8 34. Qc6 Qb5 35. Rxe8+ Kf7 36. Qxb5 axb5 37. Ra8 1-0